Map: Research Site JD-2

Players

Hindulaatti - Winner!

  • Race: Protoss Protoss
  • League: Diamond
  • Spawn Location: 12:00

BillieJean - Winner!

  • Race: Terran Terran
  • Spawn Location: 3:00

frige - Winner!

  • Race: Zerg Zerg
  • Spawn Location: 12:00

Néo - Winner!

  • Race: Terran Terran
  • League: Silver
  • Spawn Location: 1:00

Surr

  • Race: Zerg Zerg
  • League: Gold
  • Spawn Location: 7:00

IIIIIIIIIIII

  • Race: Zerg Zerg
  • Spawn Location: 7:00

tomerdx

  • Race: Terran Terran
  • Spawn Location: 6:00

Soldier

  • Race: Protoss Protoss
  • Spawn Location: 6:00

VOD

Have the link to the VOD?

Description

Time

  • Played on: Jan. 9, 2016, 1:07 a.m.
  • Length: 20:18
Show
View Real Time Build Order
Export as new Build Order

Hindulaatti Protoss - Winner!

Build Orders:  

Get SALT Encoding   

  12  0:02  Probe (Chrono Boost)  
  13  0:15  Pylon  
  13  0:18  Probe (Chrono Boost)  
  14  0:30  Probe (Chrono Boost)  
  15  0:39  Gateway  
  15  0:43  Probe (Chrono Boost)  
  16  0:54  Probe (Chrono Boost)  
  17  1:03  Assimilator  
  17  1:09  Probe (Chrono Boost)  
  17  1:11  Pylon  
  18  1:28  Cybernetics Core  
  18  1:31  Probe (Chrono Boost)  
  19  1:43  Probe (Chrono Boost)  
  19  1:46  Assimilator  
  20  2:10  Nexus  
  20  2:12  Adept  
  22  2:16  Probe (Chrono Boost)  
  22  2:21  Pylon  
  23  2:27  Warp Gate (Chrono Boost)  
  23  2:28  Probe  
  24  2:38  Robotics Facility  
  24  2:44  Probe  
  24  2:49  Adept  
  27  3:04  Probe  
  28  3:17  Probe, Adept  
  31  3:21  Probe  
  31  3:25  Warp Prism  
  34  3:32  Gateway  
  34  3:44  Adept  
  36  3:49  Probe  
  36  3:51  Probe  
  38  4:02  Gateway  
  36  4:05  Pylon  
  36  4:06  Probe  
  36  4:07  Probe  
  38  4:15  Twilight Council  
  38  4:17  Probe  
  38  4:20  Probe  
  40  4:30  Adept  
  40  4:31  Adept  
  44  4:51  Probe  
  44  4:52  Probe  
  40  4:54  Adept x2  
  44  5:01  Probe  
  44  5:02  Warp Prism  
  44  5:04  Probe  
  48  5:11  Gateway  
  48  5:13  Adept  
  50  5:15  Adept  
  50  5:16  Adept  
  50  5:50  Adept x3  
  54  6:06  Zealot  
  45  6:19  Pylon  
  45  6:22  Pylon  
  45  6:23  Adept x2  
  45  6:24  Adept  
  40  6:49  Adept x3  
  46  7:04  Immortal  
  46  7:06  Gateway  
  46  7:07  Probe x2  
  52  7:10  Gateway, Resonating Glaives (Chrono Boost)  
  52  7:12  Gateway  
  52  7:25  Probe x2  
  54  7:38  Adept x3  
  60  7:48  Pylon  
  60  8:01  Adept x3  
  66  8:07  Probe x2  
  66  8:08  Immortal  
  72  8:13  Pylon  
  72  8:15  Pylon x2  
  72  8:19  Pylon  
  72  8:30  Pylon, Adept  
  72  8:31  Adept x2  
  78  8:34  Adept x3  
  84  8:57  Adept x4  
  84  8:58  Adept x2  
  84  9:02  Observer  
  97  9:21  Probe x2  
  99  9:25  Blink (Chrono Boost)  
  99  9:33  Probe  
  100  9:39  Adept x3  
  100  9:40  Adept x3  
  112  9:59  Probe x2  
  114  10:03  Robotics Bay  
  115  10:07  Observer  
  115  10:08  Forge  
  115  10:11  Probe x2  
  67  10:37  Adept x3  
  67  10:38  Adept x3  
  67  10:40  Observer  
  68  10:46  Assimilator  
  68  10:48  Assimilator  
  68  10:53  Mothership Core  
  70  10:58  Forge  
  70  10:59  Nexus, Protoss Ground Weapons Level 1  
  70  11:00  Pylon  
  70  11:01  Pylon, Disruptor  
  73  11:05  Adept x6  
  73  11:06  Pylon  
  85  11:11  Assimilator  
  85  11:12  Assimilator  
  85  11:20  Charge (Chrono Boost)  
  85  11:37  Disruptor  
  88  11:42  Adept x6  
  100  11:51  Probe x2  
  100  12:03  Probe x2  
  100  12:11  Adept  
  100  12:12  Adept x5, Disruptor  
  115  12:15  Probe  
  114  12:35  Adept x6  
  117  12:49  Immortal  
  107  13:03  Adept x3  
  107  13:04  Adept x3  
  115  13:09  Gateway  
  115  13:10  Gateway  
  98  13:31  Disruptor  
  93  13:35  Adept x6  
  103  14:03  Zealot x4  
  103  14:04  Zealot x2, Nexus  
  103  14:06  Pylon  
  103  14:07  Protoss Ground Weapons Level 2 (Chrono Boost), Observer  
  103  14:09  Protoss Ground Armor Level 1 (Chrono Boost)  
  116  14:19  Assimilator  
  116  14:24  Assimilator, Adept x8  
  118  14:28  Disruptor  
  133  15:04  Observer  
  134  15:10  Adept x8  
  134  15:26  Immortal  
  102  15:59  Adept x8  
  118  16:04  Disruptor  
  118  16:08  Probe x2  
  118  16:09  Probe x2  
  125  16:20  Protoss Ground Armor Level 2 (Chrono Boost), Protoss Ground Weapons Level 3 (Chrono Boost)  
  125  16:21  Probe  
  98  16:41  Observer  
  82  17:18  Adept x5  
  82  17:19  Adept x3  
  96  17:43  Adept x8  
  112  17:46  Pylon  
  112  17:47  Pylon  
  112  18:00  Gateway  
  112  18:05  Gateway x2  
  112  18:07  Gateway  
  90  18:44  Adept x8  
  89  19:13  Adept  
  89  19:14  Adept x8  
  89  19:15  Adept x2  
  89  19:16  Adept  
  113  19:22  Disruptor  
  116  19:44  Adept x3  
  116  19:45  Adept x9  
  143  20:12  Adept x11  
  143  20:13  Adept  
Show
View Real Time Build Order
Export as new Build Order

BillieJean Terran - Winner!

Build Orders:  

Get SALT Encoding   

  12  0:09  SCV  
  13  0:20  Refinery  
  13  0:24  SCV  
  14  0:38  SCV  
  15  0:43  Supply Depot  
  15  0:44  Refinery  
  15  1:04  SCV  
  15  1:06  Barracks  
  16  1:16  SCV  
  17  1:38  SCV  
  18  1:59  SCV  
  19  2:02  Factory, Barracks Tech Lab  
  19  2:13  SCV  
  20  2:26  Orbital Command  
  20  2:30  Supply Depot  
  20  2:51  Starport  
  20  2:53  Factory Tech Lab  
  20  2:54  Factory Reactor  
  20  2:55  SCV  
  21  2:58  Marine  
  22  3:08  SCV  
  23  3:33  Command Center  
  23  3:34  Starport Reactor  
  23  3:38  SCV  
  24  3:42  Supply Depot  
  24  3:45  Widow Mine x2  
  28  3:50  SCV  
  29  4:02  Liberator x2  
  29  4:03  SCV  
  29  4:04  Supply Depot  
  30  4:21  SCV  
  37  4:32  Widow Mine  
  37  4:33  Widow Mine  
  37  4:35  SCV  
  42  4:45  Liberator  
  42  4:47  SCV  
  43  4:55  Engineering Bay  
  46  5:24  Liberator  
  49  5:43  SCV  
  50  5:54  Command Center  
  50  5:57  Barracks  
  50  5:58  Refinery, Barracks  
  50  6:02  Refinery, Barracks  
  50  6:10  Planetary Fortress  
  25  6:58  Marine  
  25  6:59  Marine x2  
  27  7:16  Marine x3  
  27  7:18  Orbital Command  
  30  7:53  Marine  
  30  7:56  Barracks Tech Lab x2, Barracks Reactor  
  30  7:58  SCV  
  32  8:02  SCV  
  33  8:10  SCV  
  34  8:14  SCV  
  35  8:22  SCV  
  35  8:26  SCV  
  37  8:34  SCV  
  37  8:38  SCV  
  39  8:46  SCV  
  40  8:59  Marine  
  40  9:02  Marine  
  41  9:03  Marine x3  
  41  9:05  Terran Infantry Weapons Level 1  
  45  9:17  Marine  
  45  9:18  Concussive Shells, Stimpack  
  45  9:20  Marine  
  45  9:21  Marine x3  
  50  9:35  Marine  
  50  9:38  Marine x4  
  48  9:53  Marine  
  48  9:56  Marine x4  
  41  10:00  Combat Shields  
  35  10:10  Marine  
  35  10:13  Marine  
  32  10:14  Marine x3  
  35  10:22  Medivac x2  
  39  10:28  Marine  
  39  10:31  Marine  
  39  10:32  Marine x3  
  44  10:46  Marine  
  44  10:49  Marine  
  46  10:50  Marine x3  
  46  10:54  SCV  
  50  10:58  SCV  
  50  11:03  SCV  
  52  11:04  Marine  
  52  11:06  SCV  
  52  11:07  Marine x2  
  52  11:10  Supply Depot, SCV  
  57  11:14  Medivac  
  57  11:15  SCV  
  60  11:18  SCV  
  60  11:22  Marauder, SCV  
  64  11:26  Marauder x2  
  64  11:27  SCV  
  64  11:32  SCV  
  70  11:34  Supply Depot, SCV  
  70  11:39  SCV  
  72  11:40  Supply Depot  
  72  11:42  Supply Depot  
  72  11:44  Supply Depot, SCV  
  72  11:46  SCV  
  52  12:11  Marauder x3, Marine  
  52  12:12  Marine  
  52  12:15  Medivac x2  
  64  12:29  Marine  
  65  12:32  Marauder  
  65  12:33  Marauder x2  
  65  12:34  SCV  
  65  12:37  Marine, Factory Tech Lab  
  73  12:45  Medivac x2  
  73  12:51  Terran Infantry Armor Level 1  
  77  12:54  Marauder x3  
  83  13:03  Siege Tank  
  83  13:05  Marine x2  
  88  13:15  Medivac, Marauder x3  
  96  13:23  Marine x2  
  65  13:45  Siege Tank  
  65  13:47  Marine  
  65  13:48  Marine x4  
  73  13:58  SCV x2  
  73  13:59  SCV  
  76  14:05  Marine x2  
  76  14:06  Marine x3  
  81  14:10  SCV  
  82  14:17  Siege Tank  
  82  14:23  Marine x2  
  82  14:24  Marine x3  
  90  14:41  Marine x2  
  90  14:42  Marine  
  93  15:00  Marine x2  
  80  16:24  Marine  
  80  16:25  Marine x4  
  83  16:42  Marine  
  83  16:43  Marine x4  
  82  17:00  Marine  
  82  17:01  Marine x4  
  46  17:18  Marine x4  
  46  17:19  Marine  
  46  17:20  Medivac x2  
  54  17:27  Starport  
  54  17:36  Marine x5  
  59  17:50  Medivac x2  
  63  17:54  Marine x5  
  68  18:03  Starport  
  68  18:12  Marine x3  
  68  18:20  Medivac x2  
  61  18:50  Medivac  
  36  19:19  Marine  
  36  19:20  Marauder, Marine x3  
  42  19:24  Raven  
  42  19:27  Medivac x2  
  48  19:37  Marine  
  48  19:38  Marine x3  
  52  19:40  Marine  
  53  19:47  Factory Tech Lab  
  53  19:55  Marine  
  53  19:56  Marine x3  
  53  19:58  Marine  
  62  20:02  Barracks  
  62  20:03  Barracks  
Show
View Real Time Build Order
Export as new Build Order

frige Zerg - Winner!

Build Orders: Hatch First 

Get SALT Encoding   

  12  0:05  Drone  
  13  0:19  Drone  
  13  0:20  Overlord  
  14  0:41  Drone x2  
  14  0:42  Drone  
  17  0:58  Hatchery  
  16  1:09  Spawning Pool  
  15  1:12  Drone  
  15  1:15  Drone  
  17  1:19  Drone  
  18  1:46  Hatchery  
  17  1:50  Overlord  
  17  1:55  Zergling x4  
  19  2:01  Queen  
  19  2:05  Extractor  
  19  2:07  Drone  
  21  2:12  Drone  
  22  2:18  Drone  
  23  2:22  Queen  
  23  2:26  Drone  
  26  2:30  Drone  
  26  2:33  Drone  
  28  2:37  Drone  
  28  2:43  Drone  
  30  2:47  Overlord  
  30  2:55  Drone  
  30  2:56  Drone  
  32  3:01  Queen  
  34  3:06  Overlord  
  34  3:09  Drone  
  34  3:10  Drone  
  36  3:13  Drone  
  36  3:15  Drone  
  36  3:19  Drone  
  39  3:20  Drone  
  39  3:23  Drone  
  39  3:26  Drone  
  42  3:28  Drone  
  42  3:30  Drone  
  42  3:32  Drone  
  45  3:39  Spore Crawler  
  45  3:40  Spore Crawler  
  43  3:43  Spore Crawler  
  43  3:44  Drone  
  43  3:47  Drone  
  44  3:52  Lair  
  44  3:56  Extractor  
  44  3:58  Drone, Extractor  
  44  3:59  Drone, Extractor  
  44  4:01  Drone  
  44  4:03  Drone  
  44  4:04  Drone  
  44  4:07  Extractor x2  
  44  4:08  Drone  
  45  4:10  Drone  
  45  4:12  Drone  
  45  4:16  Overlord  
  47  4:20  Overlord  
  47  4:25  Drone x3  
  50  4:31  Overlord  
  50  4:34  Spine Crawler  
  50  4:35  Zergling x2  
  50  4:36  Zergling x2  
  50  4:37  Zergling x2  
  52  4:41  Zergling x2  
  52  4:42  Zergling x4  
  52  4:45  Metabolic Boost  
  55  4:55  Spire  
  55  4:56  Zergling x4  
  55  4:59  Zergling x2  
  57  5:01  Zergling x2  
  52  5:14  Zergling x6  
  52  5:15  Zergling x4  
  52  5:20  Zergling x4  
  56  5:24  Zergling x4  
  55  5:28  Zergling x4  
  55  5:35  Zergling x4  
  52  5:38  Zergling x2  
  50  5:47  Zergling x4  
  50  5:49  Zergling x2  
  52  5:54  Overlord  
  52  5:59  Overlord  
  49  6:07  Mutalisk x2  
  49  6:10  Mutalisk  
  51  6:12  Mutalisk x2  
  51  6:16  Mutalisk  
  42  6:25  Mutalisk  
  35  6:35  Mutalisk  
  37  6:44  Mutalisk  
  39  6:51  Zergling x4  
  41  6:55  Zergling x2  
  38  7:06  Drone x3  
  41  7:19  Mutalisk x3  
  47  7:26  Queen  
  49  7:31  Drone x2  
  51  7:43  Spire  
  49  7:45  Drone x2  
  50  7:56  Drone  
  51  7:59  Drone  
  51  8:01  Drone  
  52  8:05  Overseer  
  52  8:06  Drone  
  52  8:10  Drone  
  52  8:11  Drone  
  55  8:20  Drone  
  55  8:25  Drone  
  57  8:29  Drone x2  
  57  8:30  Drone  
  57  8:31  Hydralisk Den, Roach Warren  
  57  8:33  Drone  
  58  9:01  Overlord  
  58  9:08  Hatchery  
  55  9:29  Drone  
  55  9:30  Drone x5  
  61  9:34  Drone  
  61  9:35  Queen  
  61  9:37  Glial Reconstitution, Muscular Augments  
  62  9:49  Drone  
  62  9:52  Roach x2  
  67  9:53  Drone  
  68  10:01  Evolution Chamber  
  68  10:03  Drone  
  68  10:04  Evolution Chamber, Drone  
  54  10:21  Queen, Roach x3  
  54  10:26  Roach x2  
  64  10:29  Roach  
  64  10:30  Roach  
  64  10:31  Roach  
  64  10:32  Zerg Missile Weapons Level 1  
  64  10:33  Zerg Ground Armor Level 1  
  70  10:43  Roach x3  
  70  10:44  Roach  
  70  10:46  Roach  
  70  10:48  Lurker Den  
  80  10:50  Roach  
  82  11:00  Overlord x4  
  82  11:20  Roach x7  
  82  11:21  Roach  
  82  11:24  Hydralisk  
  100  11:31  Drone x4  
  100  11:32  Drone  
  88  11:50  Hydralisk x3  
  81  11:55  Spine Crawler  
  81  11:56  Spine Crawler  
  81  11:58  Hydralisk x3  
  83  12:04  Hydralisk x2  
  83  12:06  Drone  
  82  12:11  Drone x2  
  82  12:12  Drone  
  82  12:14  Drone  
  84  12:20  Drone  
  85  12:24  Drone x5  
  86  12:40  Zerg Ground Armor Level 2, Zerg Missile Weapons Level 2  
  86  12:42  Roach x3  
  78  12:49  Mutalisk x3  
  84  12:54  Mutalisk  
  84  12:56  Queen  
  88  13:09  Drone x5  
  93  13:17  Overseer  
  93  13:19  Hatchery  
  92  13:24  Mutalisk x3  
  96  13:31  Mutalisk x3  
  80  13:42  Mutalisk x3  
  86  13:53  Mutalisk  
  86  13:54  Mutalisk x2  
  92  14:07  Mutalisk x2  
  92  14:08  Mutalisk  
  96  14:11  Mutalisk  
  96  14:12  Mutalisk x2  
  102  14:20  Overlord x2  
  102  14:23  Overlord  
  102  14:35  Mutalisk x4  
  102  14:47  Mutalisk x4  
  108  14:53  Mutalisk x2  
  112  15:05  Mutalisk x2  
  116  15:10  Zerg Flyer Weapons Level 1  
  108  15:14  Queen  
  108  15:15  Extractor  
  108  15:16  Extractor  
  104  15:25  Mutalisk x3  
  100  15:39  Overlord x2  
  100  15:40  Overlord x3  
  100  16:00  Roach  
  100  16:01  Roach x2  
  100  16:02  Roach  
  108  16:07  Infestation Pit  
  107  16:12  Drone  
  108  16:26  Roach x4  
  108  16:27  Roach x7  
  130  16:40  Hatchery  
  129  17:23  Hive  
  129  17:25  Zerg Flyer Armor Level 1  
  129  17:26  Spire  
  128  17:31  Drone x2  
  128  17:32  Drone x5  
  135  17:37  Overlord  
  135  17:38  Overlord x2  
  135  17:57  Queen, Extractor  
  136  17:58  Mutalisk  
  136  17:59  Mutalisk x7, Extractor  
  136  18:05  Mutalisk  
  153  18:10  Zerg Melee Weapons Level 1  
  153  18:11  Mutalisk  
  121  18:43  Mutalisk x13  
  143  18:55  Drone x8  
  147  19:25  Drone x4  
  147  19:26  Drone x2  
  153  20:13  Ultralisk Cavern  
  152  20:16  Evolution Chamber  
Show
View Real Time Build Order
Export as new Build Order

Néo Terran - Winner!

Build Orders:  

Get SALT Encoding   

  12  0:01  SCV  
  13  0:13  SCV  
  14  0:26  Supply Depot, SCV  
  15  0:48  SCV  
  16  0:50  Barracks  
  16  0:56  Refinery  
  16  1:00  SCV  
  17  1:07  Barracks  
  17  1:12  SCV  
  18  1:24  SCV  
  19  1:36  SCV  
  19  1:38  Supply Depot  
  20  1:42  Marine  
  21  1:48  SCV  
  22  1:56  Barracks Tech Lab  
  22  2:04  Refinery  
  22  2:16  Barracks Tech Lab  
  22  2:19  Marauder  
  24  2:34  Command Center  
  24  2:36  Orbital Command  
  24  2:41  Marauder  
  24  2:43  Marauder  
  28  3:01  Marine  
  28  3:04  Marauder  
  31  3:30  Factory  
  31  3:46  Marauder, SCV  
  34  3:48  Supply Depot  
  34  3:57  Stimpack  
  34  3:58  Concussive Shells, SCV  
  34  4:01  SCV  
  36  4:10  SCV  
  36  4:12  Supply Depot  
  36  4:13  SCV  
  38  4:19  Supply Depot  
  38  4:22  SCV  
  39  4:25  SCV  
  39  4:26  Refinery  
  39  4:29  Marauder  
  44  4:31  Marauder  
  44  4:34  SCV  
  44  4:37  SCV  
  46  4:39  Factory Reactor  
  46  4:50  Marauder  
  46  4:52  Supply Depot, Marauder  
  50  5:06  Orbital Command, Refinery, SCV  
  51  5:11  Marauder  
  55  5:14  Marauder, Widow Mine x2  
  55  5:19  SCV  
  60  5:31  SCV  
  60  5:33  Marauder  
  60  5:35  Marine  
  64  5:43  Widow Mine x2  
  68  5:52  Armory  
  68  5:56  SCV  
  69  5:57  SCV  
  70  6:11  Widow Mine x2  
  71  6:42  Armory  
  64  6:52  Widow Mine  
  64  6:53  Marauder, Widow Mine  
  26  7:14  Marauder  
  23  7:20  Widow Mine  
  23  7:22  Widow Mine  
  26  7:30  SCV  
  26  7:36  Marauder  
  29  7:49  Widow Mine  
  29  7:51  SCV  
  32  7:52  SCV  
  33  8:03  SCV  
  33  8:05  SCV  
  35  8:15  SCV  
  36  8:27  SCV  
  37  8:39  SCV  
  37  8:40  SCV  
  39  8:51  SCV  
  39  8:52  SCV  
  41  9:03  SCV  
  42  9:15  SCV  
  43  9:28  SCV  
  44  10:05  SCV  
  45  10:11  SCV  
  46  10:17  SCV  
  47  10:23  SCV  
  48  10:29  SCV  
  48  10:35  SCV  
  50  10:41  SCV  
  51  10:47  SCV  
  52  10:53  SCV  
  53  10:59  SCV  
  46  14:05  SCV  
  47  14:18  SCV  
  47  14:23  Orbital Command  
  48  14:30  SCV  
  49  14:42  SCV  
  50  14:54  SCV  
  51  15:01  SCV  
  52  15:13  SCV  
  53  15:25  SCV  
  54  15:50  Supply Depot  
  54  15:52  Supply Depot  
  54  16:06  Command Center  
  54  17:34  Refinery, SCV  
  54  17:35  Refinery  
  55  17:38  Supply Depot x2  
  55  17:44  Orbital Command  
  55  17:46  SCV  
  55  17:47  SCV  
  57  17:58  SCV  
  57  17:59  SCV  
  59  18:07  Widow Mine x2  
  59  18:10  SCV  
  59  18:11  SCV  
  65  18:22  SCV  
  65  18:23  SCV  
  58  18:35  SCV  
  58  18:36  Widow Mine x2  
  53  20:10  Command Center  
Show
View Real Time Build Order
Export as new Build Order

Surr Zerg 

Build Orders: Hatch First, Lurkers 

Get SALT Encoding   

  12  0:02  Drone  
  13  0:09  Drone  
  14  0:36  Hatchery  
  14  0:41  Drone  
  14  0:47  Overlord  
  14  1:05  Drone x3, Extractor  
  16  1:20  Drone  
  17  1:30  Drone  
  18  1:40  Drone  
  19  1:48  Drone  
  19  1:49  Drone  
  19  1:50  Spawning Pool  
  20  1:59  Drone  
  20  2:00  Drone  
  22  2:10  Drone, Extractor  
  22  2:11  Drone  
  22  2:21  Drone x2  
  24  2:31  Drone x2  
  26  2:40  Spine Crawler  
  26  2:41  Spore Crawler  
  26  2:42  Drone x2  
  26  2:46  Queen  
  28  3:00  Overlord  
  28  3:12  Overlord x2  
  28  3:18  Baneling Nest, Queen  
  29  3:20  Metabolic Boost  
  29  3:28  Drone x4  
  29  3:29  Drone  
  34  3:44  Zergling x4  
  36  3:52  Zergling x4  
  38  3:59  Zergling x6  
  41  4:07  Zergling x4  
  43  4:14  Zergling x4  
  45  4:23  Zergling x2  
  46  4:28  Zergling x8  
  50  4:33  Spore Crawler  
  50  4:36  Zergling x2, Spore Crawler  
  50  4:37  Zergling x4  
  51  4:43  Overlord x2  
  51  4:50  Overlord  
  51  4:55  Lair  
  51  4:56  Drone, Burrow  
  52  5:03  Baneling x7  
  52  5:10  Baneling x5  
  52  5:11  Baneling x6  
  52  5:12  Baneling x2  
  52  5:19  Drone x3  
  55  5:23  Drone x2  
  55  5:27  Extractor  
  56  5:32  Extractor  
  55  5:36  Drone  
  55  5:40  Drone x2  
  58  5:45  Drone x2  
  58  5:46  Drone  
  61  5:57  Drone x3  
  61  5:58  Drone  
  61  6:00  Hydralisk Den  
  64  6:06  Drone, Pneumatized Carapace  
  64  6:07  Drone x2  
  61  6:27  Drone x2  
  61  6:28  Drone x5  
  61  6:47  Zergling x4  
  61  6:48  Zergling x4  
  61  6:49  Lurker Den  
  65  6:54  Overlord  
  63  7:05  Hydralisk x2  
  63  7:07  Hydralisk  
  65  7:24  Overseer x3  
  65  7:31  Hydralisk x2  
  65  7:32  Hydralisk x5  
  79  7:40  Hatchery  
  79  7:41  Evolution Chamber  
  79  7:42  Extractor  
  76  7:44  Evolution Chamber, Extractor  
  76  7:49  Infestation Pit  
  73  7:55  Drone  
  73  7:56  Drone x2, Hatchery  
  73  7:57  Drone x3  
  78  7:59  Drone x3  
  78  8:00  Extractor  
  78  8:01  Extractor  
  79  8:07  Drone x2  
  79  8:11  Overlord  
  81  8:14  Zerg Missile Weapons Level 1  
  81  8:16  Zerg Ground Armor Level 1  
  81  8:24  Hydralisk x2  
  77  8:34  Hydralisk x5  
  76  8:39  Hydralisk  
  85  8:44  Hydralisk x2  
  87  8:50  Overlord  
  87  8:54  Muscular Augments  
  86  9:03  Overlord x2  
  86  9:24  Hydralisk x6  
  79  9:25  Hydralisk  
  89  9:36  Lurker x2  
  91  9:46  Lurker  
  91  9:48  Drone  
  91  9:49  Drone x2  
  91  9:50  Drone x4  
  99  9:53  Drone x2  
  95  10:03  Drone x5  
  84  10:14  Hydralisk x2  
  84  10:15  Hydralisk  
  86  10:25  Hydralisk  
  86  10:26  Hydralisk  
  90  10:31  Drone x2  
  90  10:40  Lurker x3  
  90  10:41  Lurker  
  90  10:42  Hydralisk  
  94  10:47  Drone x2  
  94  10:48  Drone  
  94  10:49  Drone  
  98  10:50  Drone  
  98  10:56  Drone x2  
  101  11:07  Zerg Missile Weapons Level 2  
  101  11:08  Zerg Ground Armor Level 2  
  101  11:13  Drone x3  
  101  11:18  Hydralisk  
  104  11:22  Overlord x2  
  106  11:33  Hive  
  106  11:37  Spore Crawler  
  105  11:41  Spore Crawler  
  105  11:43  Spore Crawler  
  105  11:46  Hydralisk x3  
  105  11:47  Hydralisk  
  111  11:55  Spore Crawler  
  111  12:00  Spore Crawler x2  
  102  12:09  Hydralisk x4  
  102  12:10  Hydralisk  
  102  12:15  Hydralisk  
  108  12:26  Hydralisk x2  
  108  12:27  Hydralisk  
  110  12:46  Hydralisk x3  
  110  12:48  Overlord x4  
  110  12:49  Overlord  
  112  13:00  Hydralisk  
  112  13:02  Overlord x3  
  114  13:09  Hydralisk x2  
  112  13:33  Hydralisk x5  
  112  13:34  Hydralisk x2  
  84  13:40  Hydralisk x2  
  79  13:48  Hydralisk x2  
  79  13:54  Drone  
  79  13:55  Drone x2  
  86  14:06  Lurker x2  
  86  14:07  Lurker x6  
  94  14:11  Hydralisk  
  96  14:17  Hydralisk  
  96  14:18  Hydralisk  
  96  14:22  Hydralisk  
  102  14:28  Overseer  
  102  14:29  Overseer x2  
  102  14:30  Overseer  
  102  14:33  Hydralisk  
  102  14:38  Hydralisk  
  106  14:41  Hydralisk  
  106  14:45  Hydralisk  
  110  15:02  Hydralisk x4  
  110  15:03  Hydralisk  
  120  15:09  Hydralisk  
  121  15:15  Hydralisk  
  121  15:16  Hydralisk  
  104  15:33  Hydralisk x2  
  108  15:41  Hydralisk  
  102  16:01  Hydralisk x2  
  102  16:02  Hydralisk  
  106  16:17  Hydralisk  
  98  16:32  Hydralisk x4  
  99  16:33  Hydralisk  
  93  16:43  Hydralisk  
  86  17:04  Hydralisk  
  85  17:14  Hydralisk  
  85  17:20  Hydralisk  
  87  17:37  Lurker  
  88  17:50  Lurker  
  89  17:54  Lurker  
  89  17:55  Hydralisk x2, Lurker  
  89  17:58  Hydralisk  
  18  19:45  Zergling x10  
  20  19:53  Zergling x2  
  20  19:56  Zergling x2  
Show
View Real Time Build Order
Export as new Build Order

IIIIIIIIIIII Zerg 

Build Orders: Hatch First 

Get SALT Encoding   

  12  0:05  Drone  
  13  0:13  Drone  
  14  0:26  Drone, Extractor  
  14  0:27  Drone, Extractor  
  14  0:31  Overlord  
  16  0:58  Hatchery  
  16  0:59  Drone x2  
  16  1:01  Drone  
  18  1:20  Spawning Pool  
  17  1:26  Extractor  
  17  1:30  Drone x2  
  18  1:38  Drone  
  19  1:56  Evolution Chamber  
  19  1:58  Drone x2  
  20  2:13  Drone  
  21  2:15  Drone  
  21  2:16  Drone  
  21  2:22  Spine Crawler  
  22  2:26  Queen  
  22  2:27  Extractor  
  22  2:29  Drone x2  
  25  2:35  Spine Crawler  
  24  2:40  Metabolic Boost  
  24  2:44  Drone  
  24  2:45  Drone x2  
  27  2:55  Overlord  
  27  2:59  Drone  
  27  3:05  Zerg Melee Weapons Level 1  
  28  3:12  Spine Crawler  
  27  3:13  Queen  
  29  3:20  Zergling x8  
  33  3:30  Drone x2  
  33  3:33  Overlord  
  35  3:39  Zergling x2  
  41  3:55  Zergling x10  
  41  3:57  Zergling x2  
  42  4:08  Zergling x4  
  44  4:17  Overlord  
  44  4:18  Overlord  
  44  4:24  Overlord  
  44  4:35  Zergling x6  
  47  4:43  Zergling x10  
  51  4:57  Zergling x4  
  51  5:05  Zergling x8  
  52  5:17  Zergling x4  
  52  5:19  Zergling x2  
  51  5:26  Zergling x2  
  49  5:30  Zergling x2  
  48  5:36  Zergling x2  
  48  5:42  Zergling x2  
  47  5:51  Zergling x4  
  48  6:01  Zergling x2  
  46  6:13  Zergling x6  
  43  6:27  Zergling x4  
  45  6:35  Zergling x4  
  46  6:43  Zergling x2  
  46  6:45  Zergling x2  
  46  6:52  Zergling x6  
  45  7:02  Zergling x6  
  45  7:03  Zergling x2  
  48  7:14  Zerg Ground Armor Level 1, Zergling x4  
  39  7:44  Lair  
  37  7:53  Zergling x24  
  37  7:54  Evolution Chamber, Zergling x2  
  49  8:11  Drone x3  
  52  8:18  Zergling x8  
  56  8:20  Zergling x2  
  56  8:22  Zergling x6  
  56  8:26  Hatchery  
  59  8:31  Spore Crawler  
  59  8:32  Spore Crawler  
  59  8:33  Spore Crawler  
  56  8:40  Spore Crawler  
  55  8:45  Zergling x8, Spore Crawler  
  58  8:48  Zergling x4  
  35  9:28  Zergling x26  
  45  9:45  Zergling x10  
  45  10:02  Zerg Ground Armor Level 2, Zerg Missile Weapons Level 1  
  45  10:03  Roach Warren  
  45  10:04  Zergling x10  
  33  10:23  Zergling x10  
  33  10:24  Zergling x4  
  38  10:35  Zergling x4  
  35  10:40  Burrow  
  35  10:43  Glial Reconstitution  
  35  10:45  Zergling x2  
  36  10:52  Drone  
  37  10:58  Drone x2  
  39  11:09  Roach x2  
  35  11:59  Roach  
  35  12:00  Roach x5  
  35  12:01  Roach x3  
  51  12:02  Tunneling Claws  
  51  12:03  Overlord x2  
  51  12:13  Zergling x2, Roach x11  
  51  12:15  Overlord x2  
  45  12:55  Zergling x28  
  59  13:20  Roach x4  
  59  13:21  Roach x3  
  73  13:30  Extractor  
  72  13:34  Extractor  
  72  13:41  Zerg Missile Weapons Level 2  
  71  14:04  Roach x6  
  83  14:20  Infestation Pit  
  83  14:22  Overlord  
  83  14:23  Overlord  
  82  14:59  Hydralisk Den  
  25  15:32  Hydralisk x7  
  25  15:33  Hydralisk x3  
  25  15:34  Hydralisk  
  47  15:47  Hydralisk  
  47  15:48  Hydralisk  
  51  16:05  Muscular Augments  
  51  16:49  Hydralisk x5  
  51  16:50  Hydralisk x5  
  67  17:55  Hatchery  
  52  18:40  Hydralisk  
  52  18:41  Hydralisk x6  
  38  19:18  Hydralisk x4  
  46  19:45  Zergling x12  
  52  19:46  Zergling x2  
  52  19:50  Zergling x2  
  52  19:51  Zergling x2  
  55  19:58  Zergling x2  
Show
View Real Time Build Order
Export as new Build Order

tomerdx Terran 

Build Orders: MMM Bio 

Get SALT Encoding   

  12  0:01  SCV  
  13  0:19  Supply Depot  
  13  0:29  SCV  
  13  0:35  Refinery  
  14  0:49  Barracks  
  14  0:51  SCV  
  15  1:03  Supply Depot, SCV  
  16  1:15  SCV  
  17  1:27  SCV  
  17  1:29  Barracks  
  18  1:39  SCV  
  19  1:51  SCV  
  19  1:53  Barracks Reactor  
  20  2:17  Factory  
  20  2:29  Barracks Tech Lab  
  20  2:30  Marine x2  
  22  2:42  SCV  
  22  2:43  Refinery  
  23  2:47  Marine  
  23  2:48  Marine  
  23  2:49  Stimpack  
  25  2:55  SCV  
  26  3:05  Marine  
  26  3:06  Marine  
  26  3:10  Supply Depot  
  28  3:13  Marine  
  29  3:23  Marine  
  29  3:24  Marine  
  31  3:30  Factory Reactor  
  31  3:31  Marine  
  32  3:41  Marine x2  
  34  3:49  Marine  
  35  3:59  Marine x2  
  37  4:03  SCV  
  37  4:07  Marine  
  39  4:17  Supply Depot  
  39  4:38  Widow Mine x2  
  39  4:39  Marine x3  
  39  4:40  Supply Depot  
  42  4:49  Combat Shields  
  42  4:51  SCV  
  41  4:57  Marine x3  
  44  5:03  SCV  
  45  5:14  Marine  
  45  5:15  SCV  
  45  5:17  Marine x2  
  49  5:27  SCV  
  50  5:32  Marine  
  50  5:34  Marine  
  50  5:35  Marine  
  53  5:39  SCV  
  44  5:50  Marine  
  44  5:51  SCV  
  44  5:52  Marine  
  44  5:53  Marine  
  47  6:08  Marine  
  47  6:10  Marine  
  34  6:24  Marine  
  24  6:26  Marine  
  24  6:28  Marine  
  24  6:29  Widow Mine x2  
  16  6:42  Marine  
  16  6:43  Marine  
  16  6:46  Marine  
  11  7:00  Marine  
  10  7:01  Marine  
  10  7:03  Marine  
  12  7:14  SCV  
  13  7:17  Marine  
  13  7:19  Marine  
  15  7:41  SCV  
  16  7:53  SCV  
  17  8:06  SCV  
  18  9:06  SCV  
  19  9:18  SCV  
  20  9:25  Marine  
  20  9:30  SCV  
  22  9:42  SCV  
  21  9:55  SCV  
  23  10:07  SCV  
  23  10:19  SCV  
  15  10:28  Marine  
  15  10:29  Marine x2  
  18  10:39  SCV  
  19  10:46  Marine  
  19  10:47  Marine x2  
  22  10:51  SCV  
  23  11:12  Command Center, Marine  
  23  11:13  Marine  
  26  11:18  SCV  
  26  11:30  SCV  
  27  11:42  SCV  
  17  12:39  Marine x3  
  20  12:56  Marine  
  20  12:57  Marine x2  
  23  13:01  SCV  
  24  13:13  SCV  
  24  13:14  Marine  
  24  13:15  Marine x2  
  28  13:25  SCV  
  29  13:32  Marine x3  
  32  13:37  SCV  
  33  13:49  SCV  
  33  13:50  Marine x3  
  33  13:51  Command Center  
  37  13:58  Refinery  
  37  14:08  Marine  
  38  14:24  Refinery  
  37  14:40  Marine  
  37  14:41  Marine x2  
  40  14:58  Marine  
  40  14:59  Marine x2  
  25  15:16  Marine  
  25  15:17  Marine x2  
  26  15:34  Marine x2  
  26  15:43  Marine  
  21  16:02  Marine  
  21  16:03  Marine  
  23  16:27  Marine x2  
  17  16:49  Marine  
  17  16:50  Marine  
  9  17:07  Marine  
  9  17:25  Marine  
Show
View Real Time Build Order
Export as new Build Order

Soldier Protoss 

Build Orders:  

Get SALT Encoding   

  12  0:01  Probe (Chrono Boost)  
  13  0:12  Probe (Chrono Boost)  
  14  0:22  Probe (Chrono Boost)  
  14  0:24  Pylon  
  15  0:42  Probe (Chrono Boost)  
  16  0:51  Gateway  
  16  0:52  Probe (Chrono Boost)  
  16  0:56  Pylon  
  17  1:03  Probe (Chrono Boost)  
  18  1:16  Assimilator, Probe (Chrono Boost)  
  19  1:19  Assimilator  
  19  1:27  Probe (Chrono Boost)  
  20  1:34  Pylon  
  20  1:37  Probe (Chrono Boost)  
  20  1:38  Cybernetics Core  
  21  1:48  Probe (Chrono Boost)  
  21  1:50  Gateway  
  22  1:55  Pylon  
  22  2:10  Probe (Chrono Boost)  
  23  2:17  Warp Gate (Chrono Boost)  
  23  2:21  Mothership Core  
  25  2:25  Stalker  
  27  2:32  Forge  
  27  2:38  Stalker  
  29  2:54  Pylon  
  29  2:57  Stalker  
  31  3:04  Gateway  
  31  3:10  Photon Cannon  
  31  3:16  Stalker  
  33  3:30  Stalker  
  35  3:43  Photon Cannon  
  35  4:04  Probe (Chrono Boost)  
  36  4:11  Photon Cannon  
  36  4:13  Stalker x3  
  42  4:57  Nexus  
  42  5:05  Pylon  
  42  5:08  Pylon  
  42  5:10  Pylon  
  42  5:30  Probe (Chrono Boost)  
  43  5:40  Probe (Chrono Boost)  
  43  5:41  Pylon  
  44  5:45  Pylon  
  44  5:51  Probe (Chrono Boost)  
  45  6:01  Probe (Chrono Boost)  
  46  6:12  Probe (Chrono Boost)  
  47  6:22  Probe (Chrono Boost)  
  48  6:35  Stalker x2  
  48  6:36  Stalker  
  53  6:41  Probe (Chrono Boost)  
  53  6:45  Photon Cannon  
  52  6:47  Photon Cannon  
  52  6:48  Pylon  
  52  6:52  Pylon, Probe (Chrono Boost)  
  51  6:54  Photon Cannon  
  51  6:59  Stalker x3  
  51  7:03  Probe (Chrono Boost)  
  46  7:09  Probe (Chrono Boost)  
  46  7:13  Probe (Chrono Boost)  
  48  7:24  Probe (Chrono Boost)  
  49  7:30  Gateway  
  49  7:34  Pylon, Probe (Chrono Boost)  
  50  7:38  Assimilator, Pylon  
  50  7:40  Pylon  
  50  7:41  Assimilator  
  50  7:45  Probe (Chrono Boost)  
  51  7:55  Probe (Chrono Boost)  
  52  8:03  Gateway  
  52  8:05  Gateway  
  52  8:11  Twilight Council  
  52  8:17  Photon Cannon x2  
  52  8:19  Probe (Chrono Boost)  
  53  8:22  Photon Cannon  
  53  8:30  Probe (Chrono Boost)  
  54  8:40  Probe (Chrono Boost)  
  55  8:44  Stalker x4  
  63  8:54  Blink (Chrono Boost)  
  63  9:08  Protoss Ground Weapons Level 1 (Chrono Boost)  
  63  9:18  Photon Cannon  
  63  9:21  Photon Cannon  
  63  9:24  Pylon  
  63  9:39  Nexus  
  63  9:40  Probe  
  63  9:41  Probe  
  65  9:51  Probe  
  66  9:54  Probe  
  66  9:55  Stalker x2  
  71  10:06  Probe  
  72  10:28  Stalker  
  72  10:29  Stalker x4  
  82  10:43  Stalker  
  82  10:49  Pylon  
  84  10:51  Pylon, Charge (Chrono Boost)  
  84  10:55  Pylon  
  84  10:57  Assimilator  
  84  11:01  Assimilator  
  84  11:02  Protoss Shields Level 1 (Chrono Boost)  
  84  11:11  Sentry x4  
  86  11:12  Sentry x2  
  96  11:21  Probe  
  96  11:23  Photon Cannon  
  96  11:25  Photon Cannon  
  97  11:32  Probe  
  97  11:39  Robotics Facility  
  98  11:41  Robotics Facility  
  98  11:42  Probe  
  97  11:52  Stalker x2  
  97  11:53  Probe, Stalker x2  
  72  12:03  Probe  
  63  12:31  Immortal x2 (Chrono Boost)  
  60  12:48  Stalker  
  60  12:49  Stalker x4  
  51  13:31  Robotics Bay  
  51  13:32  Protoss Ground Weapons Level 2 (Chrono Boost), Nexus  
  51  13:33  Probe x2  
  53  13:45  Probe  
  53  13:46  Probe  
  55  13:58  Probe x2  
  55  14:00  Observer  
  57  14:03  Observer  
  59  14:18  Pylon  
  59  14:20  Pylon  
  59  14:22  Pylon  
  22  15:44  Probe  
  1  16:16  Robotics Facility  
  1  16:18  Robotics Facility  
  1  16:21  Templar Archives  
  1  16:24  Probe  
  2  16:36  Probe  
  3  16:48  Probe  
  4  16:57  Psionic Storm  
  4  17:00  Probe  
  5  17:10  High Templar x3  
  5  17:11  High Templar x2  
  5  17:12  High Templar  
  5  17:13  Probe (Chrono Boost)  
  18  17:28  Mothership Core (Chrono Boost)  
  20  17:51  Nexus  
  20  17:54  Probe (Chrono Boost)  
  21  18:04  Probe (Chrono Boost)  
  22  18:15  Probe (Chrono Boost)  
  23  18:25  Probe (Chrono Boost)  
  12  19:30  Probe (Chrono Boost)  
  14  19:40  Probe (Chrono Boost)  
  14  19:51  Probe (Chrono Boost)  
  15  20:02  Probe (Chrono Boost)  
Tags
 
Add a new tag
Caveats
  • Supply blocks, unpowered buildings, or Contaminate may cause inaccurate times.
  • Supply counts are checked every 10 seconds.